 Dungeon Crawl Stone Soup version 0.30-a0-760-g5a9884bb7c (webtiles) character file.

Game seed: 8960832042875540761

7 kae the Ruffian (level 2, 0/25 HPs)
             Began as a Naga Transmuter on Feb 10, 2023.
             Frozen to death by an endoplasm (2 damage)
             ... on level 1 of the Dungeon.
             The game lasted 00:00:31 (157 turns).

kae the Ruffian (Naga Transmuter)                    Turns: 157, Time: 00:00:31

Health: 0/25       AC:  1    Str: 12    XL:     2   Next: 0%
Magic:  5/5        EV:  9    Int: 13    God:
Gold:   16         SH:  0    Dex: 11    Spells: 4/5 levels left

rFire   . . .      SeeInvis +      - Unarmed
rCold   . . .      Faith    .    (no shield)
rNeg    . . .      Spirit   .    a - +0 robe
rPois   +          Reflect  .    (no helmet)
rElec   .          Harm     .    (no cloak)
rCorr   .          Rampage  .    (no gloves)
Will    .....                    (no barding)
Stlth   +                        (no amulet)
HPRegen 0.24/turn                (no ring)
MPRegen 0.09/turn                (no ring)

@: short of breath, very slow
A: AC +0, large, see invisible, deformed body, poison resistance, slowness 2,
spit poison 1, naga tail 1
a: Spit Poison


You were on level 1 of the Dungeon.
You visited 1 branch of the dungeon, and saw 1 of its levels.

You collected 16 gold pieces.


Innate Abilities, Weirdness & Mutations

Your serpentine skin is tough. (AC +0)
You have supernaturally acute eyesight. (SInv)
Armour fits poorly on your strangely shaped body.
Your system is resistant to poisons. (rPois)
You cover ground very slowly.
You can spit poison.
You have a snake-like lower body.


   Skills:
 - Level 1.0 Fighting
 - Level 1.5 Dodging
 + Level 3.1 Unarmed Combat
 + Level 2.1 Spellcasting
 * Level 2.3 Transmutations


You had 4 spell levels left.
You knew the following spells:

 Your Spells              Type           Power      Damage    Failure   Level
a - Beastly Appendage     Tmut           14%        N/A       10%         1

Your spell library contained the following spells:

 Spells                   Type           Power      Damage    Failure   Level
 Wereblood                Tmut           7%         N/A       14%         2
 Spider Form              Tmut/Pois      4%         N/A       43%         3
 Ice Form                 Ice/Tmut       4%         N/A       83%         4

Inventory:

Missiles
 c - 4 stones
Armour
 a - a +0 robe (worn)
Potions
 b - a potion of lignification {!q}

Dungeon Overview and Level Annotations

Branches:
Dungeon (1/15) Zot: 5810

Altars:
.....PPP.PP.PPP.PP.PP.###.#.. #....PPP.PPP...PPP.PPP....... #....PPPP..PPPPP..PPPP....... #...PPPPPP..<..PPPPPP.#....[ .##..PPPPPPPPPPPPPPPPP.#.....

............#.######.#.......
......[†..$....# #..........
.##.......###.####..##......
#..)...JJ@.)#.....##.#####
#....>..##...........#
#............#.##..###
b...#.....###..#.##..#
.....#.#...# #.....#..#
####b....... ......#...
......#.............#
###.#..........##...#
#.......# .


You could see 2 endoplasms.


Message History

Casting: Beastly Appendage (safe; 11% risk of failure)
Confirm with . or Enter, or press ? or * to list all spells.
You grow a pair of large bovine horns.
The kobold shouts!
A goblin comes into view. It is wielding a +0 dagger.
The frilled lizard closely misses you.
The goblin shouts!
The frilled lizard bites you but does no damage. 😎 MP[-1]
You lost 1 mp, and now have 2/3 mp.
You completely miss the frilled lizard.
The frilled lizard bites you but does no damage.
You closely miss the frilled lizard. You headbutt the frilled lizard.
You kill the frilled lizard!
The endoplasm quivers.
There are monsters nearby!
An endoplasm comes into view.
The endoplasm quivers.
You hit the kobold.
You kill the kobold!
There are monsters nearby!
A rat comes into view.
The goblin hits you with a +0 dagger. x2
You barely miss the goblin.
Your transformation is almost over.
The goblin closely misses you. 😕 HP[-3]
You take 3 damage, and now have 15/18 hp.
You barely miss the goblin. Your headbutt misses the goblin.
The goblin hits you with a +0 dagger.
You closely miss the goblin. 😮 HP[-2]
You take 2 damage, and now have 13/18 hp.
You closely miss the goblin. Your headbutt misses the goblin.
The goblin hits you with a +0 dagger.
You are too injured to fight recklessly! 😮 HP[-1]
You take 1 damage, and now have 12/18 hp.
You are too injured to fight recklessly!
You are too injured to fight recklessly!
Unknown command.
You are too injured to fight recklessly!
You are too injured to fight recklessly!
You are too injured to fight recklessly!
You are too injured to fight recklessly!
The endoplasm attacks as you move away! The endoplasm hits you.
A bat comes into view.
The endoplasm freezes you.
You are frozen.
* * * LOW HITPOINT WARNING * * *
The goblin closely misses you. 😨 HP[-3] MP[+1]
You take 3 damage, and now have 9/18 hp.
Your mp is fully restored (3).
Unknown command.
The goblin attacks as you move away! The goblin hits you with a +0 dagger.
* * * LOW HITPOINT WARNING * * *
The endoplasm hits you.
* * * LOW HITPOINT WARNING * * *
The goblin hits you with a +0 dagger.
* * * LOW HITPOINT WARNING * * *
The rat bites you.
* * * LOW HITPOINT WARNING * * *
The endoplasm attacks as you move away! The endoplasm closely misses you.
The goblin attacks as you move away! The goblin hits you with a +0 dagger.
* * * LOW HITPOINT WARNING * * *
Your horns disappear. 😱 HP[-6]
You take 6 damage, and now have 3/18 hp.
MASSIVE DAMAGE!! (PAUSE)
Okay, then.
The goblin attacks as you move away! The goblin closely misses you.
You hit the rat.
You kill the rat!
Unknown command.
You barely miss the goblin. The goblin hits you with a +0 dagger.
* * * LOW HITPOINT WARNING * * *
😱 HP[-1]
You take 1 damage, and now have 2/18 hp.
Aiming: Spit Poison (3% risk of failure)
Press: ? - help, Shift-Dir - straight line, f - goblin
Aim: a goblin, wielding a +0 dagger (43% to hit)
The splash of poison hits the goblin!
The goblin is poisoned.
You kill the goblin!
You have reached level 2! 😱 HP[+2] MP[+2]
You now have 25 max hp (+7).
You regained 2 hp, and now have 4/25 hp.
Your mp is fully restored (5).
You hit the endoplasm. The endoplasm freezes you.
You are frozen.
* * * LOW HITPOINT WARNING * * *
😱 HP[-2]
You take 2 damage, and now have 2/25 hp.
Unknown command.
You barely miss the endoplasm. The endoplasm freezes you.
You are frozen.
You die...

Action                     || total
---------------------------++-------
  Melee: Unarmed           ||    24
         Headbutt          ||     4
         Punch             ||     1
   Cast: Beastly Appendage ||     3
Ability: Spit Poison       ||     1
 Armour: Robe              ||     2
  Dodge: Dodged            ||     6

Levels and vault maps discovered:
D:1:      roderic_crop_circles_arrival_small, layout_rooms

Notes
Turn   | Place    | Note
-------+----------+-------------------------------------------
     0 | D:1      | kae the Naga Transmuter began the quest for the Orb.
     0 | D:1      | Reached XP level 1. HP: 18/18 MP: 3/3
     0 | D:1      | magus.rc [v1.11.3]
   150 | D:1      | HP: 4/18 [goblin/+0 dagger (2)]
   156 | D:1      | Reached XP level 2. HP: 4/25 MP: 5/5
   156 | D:1      | HP: 2/25 [frozen (2)]
   157 | D:1      | Frozen to death by an endoplasm

Vanquished Creatures
  A dart slug (D:1)
  A goblin (D:1)
  2 frilled lizards (D:1)
  A kobold (D:1)
  A rat (D:1)
6 creatures vanquished.

Vanquished Creatures (others)
  5 plants (D:1)
5 creatures vanquished.

Grand Total: 11 creatures vanquished

Table legend:
 A = Non-vault XP
 B = Vault XP
 C = Vault XP percentage of total XP
 D = Non-vault monster count
 E = Vault monster count
 F = Vault count percentage of total count
                 A         B        C        D         E       F
            +---------+---------+-------+---------+---------+-------
      Total |      10 |       0 |   0.0 |       6 |       0 |   0.0
            +---------+---------+-------+---------+---------+-------
        D:1 |      10 |       0 |   0.0 |       6 |       0 |   0.0
            +---------+---------+-------+---------+---------+-------

Illustrated notes

Table legend:
 A = Kills in this place as a percentage of kills in entire the game.
 B = Kills by you in this place as a percentage of kills by you in the entire game.
 C = Kills by friends in this place as a percentage of kills by friends in the entire game.
 D = Other kills in this place as a percentage of other kills in the entire game.
 E = Experience gained in this place as a percentage of experience gained in the entire game.
 F = Experience gained in this place divided by the number of levels of this place that you have seen.
                   A       B       C       D       E      F
               +-------+-------+-------+-------+-------+----------------------
         Total | 100.0 | 100.0 |   N/A |   N/A | 100.0 |  10.0
       Dungeon | 100.0 | 100.0 |   N/A |   N/A | 100.0 |  10.0
               +-------+-------+-------+-------+-------+----------------------

Table legend: (Time is in decaauts)
 A = Elapsed time spent in this place.
 B = Non-inter-level travel time spent in this place.
 C = Inter-level travel time spent in this place.
 D = Time resting spent in this place.
 E = Time spent auto-exploring this place.
 F = Levels seen in this place.
 G = Mean time per level.
                   A        B        C        D        E       F      G
               +--------+--------+--------+--------+--------+-----+--------+
         Total |    188 |    188 |      0 |      0 |    133 |   1 |  188.0 |
       Dungeon |    188 |    188 |      0 |      0 |    133 |   1 |  188.0 |
               +--------+--------+--------+--------+--------+-----+--------+

Top non-repeatable levels by time:
     D:1: 188 daAuts
